 Dungeon Crawl Stone Soup version 0.28.0-47-ge53b351184 (webtiles) character file.

Game seed: 15109289386980548603

3100 Mattiprrivan the Chopper (level 10, -12/65 (68) HPs)
             Began as a Formicid Chaos Knight on May 6, 2022.
             Was a Plaything of Xom.
             Mangled by a wight
             ... wielding a +4 trident
              (13 damage)
             ... on level 7 of the Dungeon.
             The game lasted 00:34:13 (8366 turns).

Mattiprrivan the Chopper (Formicid Chaos Knight)    Turns: 8366, Time: 00:34:13

HP:   -12/65 (68)   AC: 13    Str: 19 (20) XL:     10   Next: 13%
MP:   10/10         EV: 12    Int: 10 (11) God:    Xom [......]
Gold: 358           SH:  0    Dex: 13 (14) Spells: 9/9 levels left

rFire   + . .      SeeInvis +   a - +1 hand axe (freeze)
rCold   . . .      Faith    .   (no shield)
rNeg    + . .      Spirit   .   b - +10 ring mail "Halu" {rN+ Slay+5}
rPois   .          Reflect  .   (helmet unavailable)
rElec   .          Harm     .   (no cloak)
rCorr   .          Rampage  .   (no gloves)
Will    +....                   (no boots)
Stlth   ++........              (no amulet)
HPRegen 0.20/turn               e - +6 ring of dexterity
MPRegen 0.12/turn               (no ring)

@: lightly drained
A: permanent stasis, dig shafts and tunnels, antennae 3, four strong arms,
clumsy 2, deformed body, deterioration 1, fire resistance 1, frail 1, screaming
1
a: Dig, Shaft Self, Renounce Religion


You were on level 7 of the Dungeon.
You worshipped Xom.
You were a very special plaything of Xom.
You visited 1 branch of the dungeon, and saw 7 of its levels.

You collected 428 gold pieces.
You spent 70 gold pieces at shops.

Inventory:

Hand Weapons
 a - a +1 hand axe of freezing (weapon)
Missiles
 d - 5 datura-tipped darts
 h - 6 poisoned darts
 l - a curare-tipped dart (quivered)
Armour
 b - the +10 ring mail "Halu" (worn) {rN+ Slay+5}
   (You found it on level 4 of the Dungeon)

   Slay:      It affects your accuracy & damage with ranged weapons and melee
   (+5).
   rN:        It protects you from negative energy.
Jewellery
 e - a +6 ring of dexterity (left hand)
Wands
 g - a wand of charming (5)
Scrolls
 c - 2 scrolls of fog
 f - 2 scrolls of identify
Potions
 k - a potion of magic


   Skills:
 * Level 5.8 Fighting
 * Level 7.5 Axes
 * Level 3.6 Throwing
 * Level 6.2 Armour
 * Level 3.7 Dodging
 * Level 5.3 Stealth
 * Level 3.4 Unarmed Combat
 * Level 4.8 Evocations


You had 9 spell levels left.
You didn't know any spells.
Your spell library contained the following spells:

 Spells                   Type           Power      Damage    Failure   Level
 Apportation              Tloc           0%         N/A       52%         1
 Beastly Appendage        Tmut           0%         N/A       52%         1
 Corpse Rot               Necr/Air       0%         N/A       67%         2
 Sublimation of Blood     Necr           0%         N/A       67%         2
 Wereblood                Tmut           0%         N/A       67%         2
 Conjure Flame            Conj/Fire      0%         6-21      88%         3
 Ignite Poison            Fire/Tmut/Pois 0%         N/A       88%         3
 Spider Form              Tmut/Pois      0%         N/A       88%         3
 Dispel Undead            Necr           0%         3d6       99%         4
 Petrify                  Tmut/Erth      0%         N/A       99%         4
 Sticky Flame             Conj/Fire      0%         2d3       99%         4
 Alistair's Intoxication  Tmut/Pois      0%         N/A       100%        5
 Irradiate                Conj/Tmut      0%         3d13      100%        5
 Death Channel            Necr           0%         N/A       100%        6


Dungeon Overview and Level Annotations

Branches:
Dungeon (7/15)             Temple (0/1) D:4

Altars:
Cheibriados
Dithmenos

Shops:
D:3 *


Innate Abilities, Weirdness & Mutations

You cannot be hasted, slowed, berserked, paralysed or teleported.
You can dig through walls and to a lower floor.
You have a pair of large antennae on your head. (SInv)
Your four strong arms can wield two-handed weapons with a shield.
You are very clumsy. (Dex -4)
Armour fits poorly on your strangely shaped body.
Your body sometimes deteriorates upon taking damage.
Your flesh is heat resistant. (rF+)
You are frail. (-10% HP)
You occasionally shout uncontrollably at your foes.


Message History

You hit the hornet but do no damage.
The hornet is moderately wounded.
The hornet barely misses you.
You barely miss the hornet.
The hornet is moderately wounded.
The hornet barely misses you.
The wight hits you from afar with a +4 trident!
Your body deteriorates!
You feel clumsy. You partially resist.
You feel drained.
The hornet stings you but does no damage.
You throw a curare-tipped dart.
The curare-tipped dart barely misses the hornet.
The wight closely misses you. The hornet stings you.
Your stasis prevents you from being slowed.
You throw a curare-tipped dart.
The curare-tipped dart barely misses the hornet. "This might be better!"
The hornet evaporates and reforms as a harpy!
The harpy claws you. The harpy claws you but does no damage.
The wight hits you from afar with a +4 trident!
You are too injured to fight recklessly!
Throw: 2 darts (curare)
Press: ? - help, Q - select action, (/) - cycle Shift-Dir - straight line, f/p - harpy
Aim: a harpy (moderately wounded, 66% to hit)
You throw a curare-tipped dart.
The curare-tipped dart closely misses the harpy.
The harpy claws you! The harpy claws you.
* * * LOW HITPOINT WARNING * * *
The harpy claws you but does no damage. The harpy closely misses you.
The wight hits you from afar with a +4 trident.
* * * LOW HITPOINT WARNING * * *
You partially resist.
You feel drained. The harpy claws you!
* * * LOW HITPOINT WARNING * * *
Xom is highly amused!
The harpy claws you but does no damage.
The harpy screeches!
The harpy claws you but does no damage. x2
The wight hits you with a +4 trident!
You die...
Xom bursts into laughter!

.# #.## .#)# #..#
#.#.# #..#
#?#.##..# #.#.#..#
#.#...#
..#####..z.####..#
.........@H)...(#
.##..
###.....#####....
.##.# #....## .
....#######...##
..............#
..............#
.......###....#
..............##
...............###.


You could see a harpy and a wight.

Vanquished Creatures
  Pikel (D:6)
  A troll (D:7)
  Grinder (D:5)
  A blink frog (D:6)
  Menkaure (D:6)
  3 water moccasins
  2 sky beasts
  An ogre (D:7)
  A centaur (D:5)
  2 lemures (D:6)
  2 kobold brigands
  A bullfrog (D:7)
  Blork the orc (D:5)
  A scorpion (D:6)
  A wyvern skeleton (D:6)
  Dowan (D:6)
  A water moccasin skeleton (D:6)
  4 wights (D:6)
  A howler monkey (D:6)
  An iron imp (D:3)
  An orc priest (D:7)
  A jelly (D:6)
  2 hounds
  A centaur skeleton (D:5)
  2 iguanas (D:6)
  A hound zombie (D:5)
  A hound skeleton (D:4)
  6 adders
  A shadow imp (D:6)
  A white imp (D:5)
  4 dart slugs
  4 orcs
  5 bats
  4 endoplasms
  A giant cockroach (D:4)
  4 goblins
  7 hobgoblins
  5 jackals
  13 kobolds
  4 quokkas
  5 ball pythons
  4 rats
105 creatures vanquished.

Vanquished Creatures (collateral kills)
  Duvessa (D:6)
  A lemure (D:6)
  A wight (D:6)
  A howler monkey (D:7)
  An orc priest (D:7)
  2 iguanas
  A hound zombie (D:5)
  An adder (D:5)
  4 orcs
  A ball python (D:4)
  A giant cockroach (D:3)
  A goblin (D:4)
  A hobgoblin (D:5)
  2 jackals (D:3)
  2 kobolds (D:5)
21 creatures vanquished.

Vanquished Creatures (others)
  A lemure (D:6)
  An orc (D:3)
  A kobold (D:5)
3 creatures vanquished.

Grand Total: 129 creatures vanquished

Notes
Turn   | Place    | Note
-------+----------+-------------------------------------------
     0 | D:1      | Mattiprrivan the Formicid Chaos Knight began the quest for
                  | the Orb.
     0 | D:1      | Reached XP level 1. HP: 18/18 MP: 1/1
   120 | D:1      | XOM: silly message
   124 | D:1      | XOM: silly message
   166 | D:1      | XOM: divination: detect creatures
   283 | D:1      | XOM: divination: magic mapping
   290 | D:1      | Reached XP level 2. HP: 22/24 MP: 2/2
   428 | D:1      | Reached skill level 1 in Dodging
   571 | D:1      | XOM: silly message
  1076 | D:2      | Reached XP level 3. HP: 22/30 MP: 3/3
  1181 | D:2      | XOM: silly message
  1627 | D:2      | Reached skill level 1 in Stealth
  1627 | D:2      | Reached XP level 4. HP: 37/37 MP: 4/4
  1788 | D:3      | XOM: give mutations
  1788 | D:3      | Gained mutation: You are clumsy. (Dex -2) [Xom's mischief]
  1788 | D:3      | Gained mutation: You are very clumsy. (Dex -4) [Xom's
                  | mischief]
  1788 | D:3      | Gained mutation: You are dopey. (Int -2) [Xom's mischief]
  1915 | D:3      | XOM: silly message
  1960 | D:3      | XOM: divination: detect creatures
  1972 | D:3      | Found Ciosy's Assorted Antiques.
  1992 | D:3      | Bought a scroll labelled DYOWNYEKOE for 18 gold pieces
  1992 | D:3      | Bought a scroll labelled VUMER ZEFESM for 18 gold pieces
  1992 | D:3      | Bought a lumpy yellow potion for 16 gold pieces
  1992 | D:3      | Bought a scroll labelled OVEPTO ZOFALAO for 18 gold pieces
  2077 | D:3      | XOM: noise
  2203 | D:3      | XOM: god gift: chain mail {god gift}
  2519 | D:3      | Found a shadowy altar of Dithmenos.
  2586 | D:3      | Found a snail-covered altar of Cheibriados.
  2586 | D:3      | XOM: divination: magic mapping
  2588 | D:3      | XOM: fog
  2602 | D:3      | Reached skill level 4 in Axes
  2602 | D:3      | Reached XP level 5. HP: 27/42 MP: 5/5
  2786 | D:3      | XOM: silly message
  2817 | D:3      | Found a faded altar of an unknown god.
  3034 | D:4      | Reached skill level 1 in Throwing
  3113 | D:4      | XOM: cloud trail
  3209 | D:4      | Identified the +0 scale mail of Bellicose Music {+Inv MP+9}
  3417 | D:4      | XOM: cloud trail
  3431 | D:4      | Found a staircase to the Ecumenical Temple.
  3565 | D:4      | Identified the +10 ring mail "Halu" {rN+ Slay+5}
  3738 | D:4      | XOM: give mutations
  3738 | D:4      | Gained mutation: You have large cloven feet. [Xom's grace]
  3738 | D:4      | Gained mutation: You are robust. (+10% HP) [Xom's grace]
  3898 | D:5      | Entered Level 5 of the Dungeon
  3945 | D:5      | Noticed a kobold brigand
  3953 | D:5      | XOM: blink monster(s)
  3962 | D:5      | XOM: noise
  3963 | D:5      | Killed a kobold brigand
  3964 | D:5      | Reached XP level 6. HP: 27/52 MP: 6/6
  4192 | D:5      | Noticed Blork the orc
  4200 | D:5      | Killed Blork the orc
  4229 | D:5      | Noticed a water moccasin
  4268 | D:5      | Killed a water moccasin
  4269 | D:5      | Reached skill level 1 in Unarmed Combat
  4269 | D:5      | Reached skill level 1 in Evocations
  4269 | D:5      | Reached XP level 7. HP: 44/60 MP: 7/7
  4357 | D:5      | Noticed Grinder
  4368 | D:5      | XOM: chaos cloud
  4422 | D:5      | Killed Grinder
  4423 | D:5      | Reached skill level 5 in Axes
  4538 | D:5      | Noticed a water moccasin
  4548 | D:5      | Killed a water moccasin
  4549 | D:5      | Reached XP level 8. HP: 19/67 MP: 8/8
  4915 | D:5      | XOM: summons 2 hostile demons
  4916 | D:5      | Noticed a ynoxinul
  5003 | D:5      | Lost mutation: You have large cloven feet. [potion of
                  | mutation]
  5003 | D:5      | Lost mutation: You are dopey. (Int -2) [potion of mutation]
  5003 | D:5      | Lost mutation: You are robust. (+10% HP) [potion of
                  | mutation]
  5003 | D:5      | Gained mutation: Armour fits poorly on your strangely
                  | shaped body. [potion of mutation]
  5003 | D:5      | Gained mutation: You sometimes lose the ability to read
                  | scrolls when taking damage. [potion of mutation]
  5003 | D:5      | Gained mutation: Your flesh is heat resistant. (rF+)
                  | [potion of mutation]
  5004 | D:5      | XOM: give mutations
  5004 | D:5      | Gained mutation: You are partially covered in iridescent
                  | scales. (AC +2) [Xom's mischief]
  5004 | D:5      | Lost mutation: You are partially covered in iridescent
                  | scales. (AC +2) [Xom's mischief]
  5544 | D:6      | Noticed Menkaure
  5546 | D:6      | XOM: butterfly on damage
  5549 | D:6      | XOM: enchant monster (bad)
  5552 | D:6      | Killed Menkaure
  5553 | D:6      | Reached skill level 5 in Fighting
  5768 | D:6      | Reached skill level 6 in Axes
  6066 | D:6      | XOM: stat loss: -1 Str (19/20)
  6082 | D:6      | Reached XP level 9. HP: 68/68 MP: 9/9
  6139 | D:6      | Noticed Dowan
  6139 | D:6      | Noticed Duvessa
  6148 | D:6      | Killed Duvessa
  6149 | D:6      | Reached skill level 5 in Armour
  6172 | D:6      | Killed Dowan
  6189 | D:6      | XOM: summons 2 hostile shadow creatures
  6356 | D:6      | XOM: confusion
  6538 | D:6      | XOM: give mutations
  6538 | D:6      | Lost mutation: You sometimes lose the ability to read
                  | scrolls when taking damage. [Xom's mischief]
  6538 | D:6      | Gained mutation: Your body sometimes deteriorates upon
                  | taking damage. [Xom's mischief]
  6538 | D:6      | Gained mutation: You occasionally shout uncontrollably at
                  | your foes. [Xom's mischief]
  6767 | D:6      | Noticed Pikel
  6772 | D:6      | XOM: blink monster(s)
  6850 | D:6      | XOM: give mutation
  6850 | D:6      | Gained mutation: You are frail. (-10% HP) [Xom's mischief]
  6898 | D:6      | XOM: enchant monster (good)
  6907 | D:6      | Killed Pikel
  6908 | D:6      | Reached skill level 7 in Axes
  6938 | D:6      | XOM: stat loss: -1 Str (19/20)
  6953 | D:6      | Noticed Edmund
  6983 | D:6      | Noticed Edmund
  6983 | D:6      | Edmund changed into Edmund the blink frog
  6983 | D:6      | XOM: polymorph Edmund -> Edmund the blink frog
  6996 | D:6      | Killed Edmund the blink frog
  6997 | D:6      | Reached skill level 5 in Stealth
  7115 | D:6      | XOM: stat loss: -1 Dex (13/14)
  7425 | D:6      | XOM: silly message
  7776 | D:7      | XOM: polymorph howler monkey -> bullfrog
  7781 | D:7      | Reached XP level 10. HP: 66/68 MP: 10/10
  7794 | D:7      | XOM: summons 1 hostile shadow creature
  7879 | D:7      | XOM: butterfly on damage
  8123 | D:7      | XOM: confusion
  8172 | D:7      | XOM: torment (38/68 hp)
  8310 | D:7      | XOM: stat loss: -1 Str (19/20)
  8357 | D:7      | XOM: polymorph ogre -> hornet
  8364 | D:7      | Noticed a harpy
  8364 | D:7      | a hornet changed into a harpy
  8364 | D:7      | XOM: polymorph hornet -> harpy
  8365 | D:7      | HP: 1/65 [harpy (9)]
  8366 | D:7      | Mangled by a wight

Illustrated notes

Levels and vault maps discovered:
D:1:      erik_arrival_orb_chamber, layout_loops_corners,
          minmay_misc_feat_encased, corexii_item_surrounded_by_moat
D:2:      layout_basic, chequers_serial_rivers_marsh
D:3:      layout_loops_ring, marbit_many_paths, slow_altar_1,
          dreamdust_ecumenical_altar_hidden_monk_grotto, serial_shops,
          nicolae_shop_stone
D:4:      layout_gridville, minmay_temple_entry_stoned_glass
D:5:      cheibrodos_thug_alley, layout_cave_pools, uniq_blork_the_orc,
          uniq_grinder
D:6:      layout_layer_cave, uniq_menkaure, uniq_edmund, uniq_pikel,
          uniq_duvessa
D:7:      kennysheep_spiral_hall, layout_layer_cave, lemuel_crystal_altar,
          nemelex_spade_bored_becter, minmay_circle_x

Skill      XL: |  1  2  3  4  5  6  7  8  9 10 |
---------------+-------------------------------+-----
Dodging        | 1 2 3 |  3.7
Stealth        | 1 2 3 5 |  5.3
Axes           | 4 5 6 7 |  7.5
Throwing       | 1 2 3 |  3.6
Fighting       | 4 5 |  5.8
Armour         | 3 4 5 6 |  6.2
Unarmed Combat | 1 2 3 |  3.4
Evocations     | 1 3 4 |  4.8

Action                   |  1- 3 |  4- 6 |  7- 9 | 10-12 || total
-------------------------+-------+-------+-------+-------++-------
Melee: Hand axe          |    66 |    98 |   152 |    27 ||   343
       Kick              |       |     6 |     7 |       ||    13
       Punch             |       |     1 |     3 |     1 ||     5
Throw: Throwing net      |     2 |     3 |       |       ||     5
       Dart              |       |     7 |    12 |     9 ||    28
Evoke: Wand              |       |     2 |    43 |       ||    45
  Use: Scroll            |     5 |    10 |     3 |       ||    18
       Potion            |     2 |     1 |     8 |     1 ||    12
 Stab: Sleeping          |     3 |       |       |       ||     3
       Paralysed         |       |       |     3 |       ||     3
Armor: Leather armour    |    23 |    35 |       |       ||    58
       Ring mail         |       |    34 |    61 |    20 ||   115
       Scale mail        |       |     3 |       |       ||     3
Dodge: Dodged            |    45 |    77 |    94 |    18 ||   234
